 Dungeon Crawl Stone Soup version 0.26-a0-1191-ge2a0e31ab3 (webtiles) character file.

Game seed: 18005109844920848437

162 Azzok the Shield-Bearer (level 5, 39/41 HPs)
             Began as a Demonspawn Fighter on Dec 28, 2020.
             Quit the game on level 2 of the Dungeon.
             The game lasted 00:02:55 (2501 turns).

Azzok the Shield-Bearer (Demonspawn Fighter)        Turns: 2501, Time: 00:02:55

Health: 39/41      AC:  7    Str: 17    XL:     5   Next: 19%
Magic:  5/5        EV:  7    Int:  9    God:
Gold:   54         SH:  9    Dex: 13    Spells: 4/4 levels left

rFire    . . .     SeeInvis .   a - +0 war axe
rCold    + . .     Faith    .   c - +0 kite shield
rNeg     . . .     Spirit   +   b - +0 scale mail
rPois    .         Reflect  .   (helmet restricted)
rElec    .         Harm     .   o - +0 cloak
rCorr    .         Rampage  .   (no gloves)
Will     .....                  (no boots)
Stlth    ..........             i - amulet of guardian spirit
HPRegen  0.13/turn              l - ring of protection from cold
MPRegen  0.09/turn              (no ring)

@: no status effects
A: antennae 1, miasma immunity
a: no special abilities


You were on level 2 of the Dungeon.
You visited 1 branch of the dungeon, and saw 2 of its levels.

You collected 54 gold pieces.

Inventory:

Hand Weapons
 a - a +0 war axe (weapon)
Missiles
 h - 14 poisoned darts (quivered)
 j - 6 atropa-tipped darts
Armour
 b - a +0 scale mail (worn)
 c - a +0 kite shield (worn)
 o - a +0 cloak (worn)
Jewellery
 i - an amulet of guardian spirit (around neck)
 k - a cursed ring of protection from fire {unknown}
 l - a ring of protection from cold (left hand)
 p - an uncursed ring of protection from fire {unknown}
Scrolls
 e - 3 scrolls of remove curse {unknown}
 f - 2 scrolls of teleportation {unknown}
 g - a scroll of magic mapping {unknown}
 m - a scroll of immolation {unknown}
 n - 3 scrolls of identify {unknown}
Potions
 d - 2 potions of might


   Skills:
 - Level 3.0 Fighting
 + Level 3.3 Axes
 + Level 1.8 Throwing
 - Level 2.6 Armour
 + Level 3.9 Shields


You had 4 spell levels left.
You didn't know any spells.
Your spell library was empty.

Dungeon Overview and Level Annotations

Branches:
Dungeon (2/15)

Altars:
Cheibriados


Innate Abilities, Weirdness & Mutations

You have a pair of small antennae on your head.
You are immune to miasma.


Message History

Jessica is heavily wounded.
Jessica hits you but does no damage. You block Jessica's attack.
You hit Jessica.
Jessica is almost dead.
You block Jessica's attack.
Jessica drinks a potion.
Jessica is healed!
You hit Jessica but do no damage.
Jessica is moderately wounded.
Jessica casts a spell at you. Pain shoots through your body!
Jessica hits you but does no damage.
You hit Jessica.
Jessica is severely wounded.
You block Jessica's attack. x2
You slash Jessica!
You kill Jessica!
You have reached level 5!
Your demonic ancestry asserts itself...
You feel immune to miasma.
There is an open door, spattered with blood here.
Items here: [ †††.
Are you sure you want to abandon this character and quit the game? (Confirm with "yes".)

▒▒▒▒▒▒▒ ·······▒▒▒▒▒▒▒▒▒▒▒▒ ▒▒
·······▒··········▒ ▒·
·······▒·····)····▒▒▒▒▒·
·······@··········'·····
·······▒··········▒▒·▒▒▒
·······▒··········▒▒····
·······▒··········▒▒▒▒▒▒
···?···▒▒▒▒▒▒▒▒▒▒▒▒ ▒ ·······
▒▒▒▒▒▒
▒▒▒▒▒▒▒▒▒▒▒▒▒▒▒▒▒▒▒▒▒▒▒▒▒▒▒▒·····
··············<··········)·······
▒▒▒▒▒▒▒▒▒▒▒▒▒▒▒▒▒▒▒▒▒▒▒▒▒▒▒··÷···


There were no monsters in sight!

Vanquished Creatures
  A hound (D:2)
  Jessica (D:2)
  Robin (D:2)
  2 adders (D:2)
  A worm (D:2)
  2 dart slugs (D:1)
  5 leopard geckos (D:1)
  7 bats
  6 giant cockroaches
  12 goblins
  8 hobgoblins
  A ball python (D:2)
  3 frilled lizards
  6 kobolds
  9 rats
65 creatures vanquished.

Notes
Turn   | Place    | Note
-------+----------+-------------------------------------------
     0 | D:1      | Azzok the Demonspawn Fighter began the quest for the Orb.
     0 | D:1      | Reached XP level 1. HP: 18/18 MP: 1/1
     2 | D:1      | Noticed a minotaur
     4 | D:1      | Noticed a human
     5 | D:1      | Noticed a ghoul
     6 | D:1      | Noticed a minotaur
     7 | D:1      | Noticed an ogre
     8 | D:1      | Noticed a human
    10 | D:1      | Noticed an elf
    10 | D:1      | Noticed a gargoyle
    12 | D:1      | Noticed a formicid
    12 | D:1      | Noticed a ghoul
    14 | D:1      | Noticed a dwarf
    14 | D:1      | Noticed a human
    16 | D:1      | Noticed a ghoul
    16 | D:1      | Noticed an ogre
    16 | D:1      | Noticed a vampire
    20 | D:1      | Noticed a draconian
   407 | D:1      | Gained mutation: You have a pair of small antennae on your
                  | head. [demonic ancestry]
   407 | D:1      | Reached XP level 2. HP: 24/24 MP: 2/2
   985 | D:1      | Reached XP level 3. HP: 28/29 MP: 3/3
  1610 | D:2      | Reached skill level 1 in Throwing
  1610 | D:2      | Reached XP level 4. HP: 7/35 MP: 1/4
  1899 | D:2      | Noticed Robin
  1945 | D:2      | Killed Robin
  2079 | D:2      | Found a snail-covered altar of Cheibriados.
  2484 | D:2      | Noticed Jessica
  2499 | D:2      | Killed Jessica
  2500 | D:2      | Gained mutation: You are immune to miasma. [demonic
                  | ancestry]
  2500 | D:2      | Reached XP level 5. HP: 39/41 MP: 5/5
  2501 | D:2      | Quit the game

Illustrated notes

Levels and vault maps discovered:
D:1:      shiori_arrival_whats_in_store_for_you, layout_loops_corners
D:2:      layout_basic, cheibriados_altar_1, minmay_misc_feat_doors,
          uniq_jessica, uniq_robin, uniq_sigmund

Skill      XL: |  1  2  3  4 |
---------------+-------------+-----
Axes           | 2 3 |  3.3
Shields        | 3 |  3.9
Throwing       | 1 |  1.8
Fighting       | |  3.0
Armour         | |  2.6

Action                   |  1- 3 |  4- 6 || total
-------------------------+-------+-------++-------
Melee: War axe           |   124 |    88 ||   212
  Use: Potion            |       |     2 ||     2
Armor: Scale mail        |    67 |    26 ||    93
Dodge: Dodged            |    48 |    26 ||    74
Block: Kite shield       |    63 |    44 ||   107

Table legend: (Time is in decaauts)
 A = Elapsed time spent in this place.
 B = Non-inter-level travel time spent in this place.
 C = Inter-level travel time spent in this place.
 D = Time resting spent in this place.
 E = Time spent auto-exploring this place.
 F = Levels seen in this place.
 G = Mean time per level.
                   A        B        C        D        E       F      G
               +--------+--------+--------+--------+--------+-----+--------+
         Total |   2595 |   2567 |     28 |    339 |   1731 |   2 | 1297.5 |
       Dungeon |   2595 |   2567 |     28 |    339 |   1731 |   2 | 1297.5 |
               +--------+--------+--------+--------+--------+-----+--------+

Top non-repeatable levels by time:
     D:1: 1380 daAuts
     D:2: 1215 daAuts
